 Dungeon Crawl Stone Soup version 0.29.1-1-gd02db6906a (webtiles) character file.

Game seed: 16877776130264117856

83 Godmorgon the Conjurer (level 4, -1/24 HPs)
             Began as a Tengu Conjurer on Oct 13, 2022.
             Slain by Pargi (2 damage)
             ... on level 3 of the Dungeon.
             The game lasted 00:07:41 (2367 turns).

Godmorgon the Conjurer (Tengu Conjurer)             Turns: 2367, Time: 00:07:42

Health: -1/24      AC:  3    Str:  7    XL:     4   Next: 44%
Magic:  6/9        EV:  9    Int: 21    God:
Gold:   40         SH:  0    Dex: 12    Spells: 6/9 levels left

rFire   . . .      SeeInvis .   a - +0 dagger (drain)
rCold   . . .      Faith    .   (no shield)
rNeg    . . .      Spirit   .   d - +0 robe
rPois   .          Reflect  .   (helmet restricted)
rElec   .          Harm     .   (no cloak)
rCorr   .          Rampage  .   c - +0 pair of gloves
Will    .....                   (boots unavailable)
Stlth   ++........              (no amulet)
HPRegen 0.08/turn               (no ring)
MPRegen 0.11/turn               (no ring)

@: constricted
A: beak, talons 3
a: no special abilities


You were on level 3 of the Dungeon.
You visited 1 branch of the dungeon, and saw 3 of its levels.

You collected 79 gold pieces.
You spent 39 gold pieces at shops.

Inventory:

Hand Weapons
 a - a +0 dagger of draining (weapon)
Missiles
 k - 2 poisoned darts
Armour
 c - a +0 pair of gloves (worn)
 d - a +0 robe (worn)
Scrolls
 e - 3 scrolls of identify
 f - a scroll of fog {unknown}
 h - 2 scrolls of magic mapping
 i - 2 scrolls of teleportation {unknown}
Potions
 b - a potion of magic
 g - a potion of heal wounds {unknown}
 j - 2 potions of curing


   Skills:
 - Level 2.1 Dodging
 - Level 2.0 Stealth
 + Level 3.1 Spellcasting
 * Level 6.7 Conjurations


You had 6 spell levels left.
You knew the following spells:

 Your Spells              Type           Power      Damage    Failure   Level
d - Magic Dart            Conj           100%       1d8       1%          1
s - Searing Ray           Conj           62%        2d6       1%          2

Your spell library contained the following spells:

 Spells                   Type           Power      Damage    Failure   Level
 Dazzling Flash           Conj/Hex       34%        N/A       10%         3
 Fulminant Prism          Conj/Hex       8%         3d7       32%         4
 Iskenderun's Mystic Bla  Conj/Tloc      17%        2d5       32%         4


Dungeon Overview and Level Annotations

Branches:
Dungeon (3/15)

Altars:

Shops:
D:1 (   D:2 [=!

Annotations:
D:3 Pargi


Innate Abilities, Weirdness & Mutations

You have a beak for a mouth.
You have claws for feet.


Message History

k - 2 poisoned darts You see here a +0 whip.
j - 3 potions of curing (gained 1)
You now have enough gold to buy a potion of curing on D:2, or buy a potion of lignification on D:2.
You can access your shopping list by pressing '$'.
You now have 40 gold pieces (gained 3).
A ball python comes into view.
Pargi the Meek comes into view.
Pargi shouts!
The ball python hisses angrily.
Pargi attacks as you move away! Pargi bites you. Pargi claws you. x2
Found 9 gold pieces.
Casting: Searing Ray (safe; 1% risk of failure)
Confirm with . or Enter, or press ? or * to list all spells.
Okay, then.
Okay, then.
Okay, then.
Okay, then.
You feel better. Pargi bites you. Pargi claws you. x2
Casting: Searing Ray (safe; 1% risk of failure)
Confirm with . or Enter, or press ? or * to list all spells.
Aiming: Searing Ray (safe; 1% risk of failure)
Press: ? - help, Shift-Dir - straight line, f - Pargi
Aim: Pargi (74% to hit)
The searing ray misses Pargi. (Press . to maintain the ray.) Pargi bites you.
Pargi claws you but does no damage. Pargi claws you.
* * * LOW HITPOINT WARNING * * *
The searing ray hits Pargi!
Pargi is lightly wounded.
Pargi bites you.
* * * LOW HITPOINT WARNING * * *
Pargi claws you but does no damage. Pargi closely misses you.
The ball python closely misses you. The ball python grabs you.
The ball python constricts you.
* * * LOW HITPOINT WARNING * * *
As you read the scroll labelled BANIGERYNU, it crumbles to dust.
It is a scroll of identify.
h - 2 scrolls of magic mapping Pargi barely misses you. x2; Pargi claws you.
You die...

############
#..........#
#####'########.#
..##...##...##.#
♣(...♣.'..♣.<#.#
..##...##...##.#####
#####.#######÷.....###..
##.##....)....S.....$
#...#........@#.###
#.♣.#.........T..#
#...#..[......#..#
##>##........##..#
###..#.....###..#
#..##....# #.....# ...
####.# #.###.# ###. #.#
#.# # #.. ..#


You could see Pargi and a ball python.

Vanquished Creatures
  2 adders
  3 dart slugs (D:2)
  9 bats (D:1)
  5 endoplasms
  3 giant cockroaches (D:1)
  2 hobgoblins
  9 jackals
  5 quokkas
  2 ball pythons (D:1)
  3 frilled lizards
  4 goblins
  5 kobolds
  3 rats
55 creatures vanquished.

Vanquished Creatures (others)
  A plant (D:3)
1 creature vanquished.

Grand Total: 56 creatures vanquished

Notes
Turn   | Place    | Note
-------+----------+-------------------------------------------
     0 | D:1      | Godmorgon the Tengu Conjurer began the quest for the Orb.
     0 | D:1      | Reached XP level 1. HP: 10/10 MP: 4/4
   223 | D:1      | Reached XP level 2. HP: 15/15 MP: 4/6
   226 | D:1      | Learned a level 2 spell: Searing Ray
   363 | D:1      | Found Epewkono's Antique Weapon Boutique.
   564 | D:1      | Reached XP level 3. HP: 10/19 MP: 0/8
   880 | D:1      | Reached skill level 6 in Conjurations
  1336 | D:2      | Reached XP level 4. HP: 24/24 MP: 6/9
  1561 | D:2      | Found Feokke Kups's Antique Armour Boutique.
  1728 | D:2      | Found Yrowops's Jewellery Shoppe.
  1834 | D:2      | Found Suer's Distillery.
  1845 | D:2      | Bought a potion of curing for 39 gold pieces
  2358 | D:3      | Noticed Pargi
  2366 | D:3      | HP: 1/24 [constriction (1)]
  2367 | D:3      | Slain by Pargi

Illustrated notes

Levels and vault maps discovered:
D:1:      scummos_arrival_star, layout_basic, serial_shops,
          nicolae_shop_hallway_plus
D:2:      layout_rooms, serial_shops, shop, nicolae_shop_hallway_stairs,
          nicolae_shop_hallway_plus
D:3:      layout_loops_ring, riverfiend_overflow_shadow_ancestor,
          mainiacjoe_overflow_cross_hatched,
          shapermc_ecumenical_altar_mp_ritualfount, serial_shops, shop, shop,
          nicolae_shop_hallway_stairs,
          nicolae_shop_temple_entry_statues_fountains,
          minmay_misc_feat_secret_circle, st_stairs_9, grunt_ministairs_5,
          uniq_pargi, uniq_crazy_yiuf_cottage, uniq_natasha

Skill      XL: |  1  2  3 |
---------------+----------+-----
Conjurations   | 6 |  6.7
Spellcasting   | 3 |  3.1
Dodging        | |  2.1
Stealth        | |  2.0

Action                   |  1- 3 |  4- 6 || total
-------------------------+-------+-------++-------
Melee: Unarmed           |     1 |       ||     1
       Dagger            |    18 |       ||    18
       Kick              |     3 |       ||     3
       Peck              |     1 |       ||     1
 Cast: Magic Dart        |    28 |     7 ||    35
       Searing Ray       |    15 |    18 ||    33
  Use: Scroll            |       |     1 ||     1
       Potion            |       |     1 ||     1
Armor: Robe              |     6 |     3 ||     9
Dodge: Dodged            |    24 |     8 ||    32
